 Dungeon Sprint DCSS version 0.26-a0-658-gbdda728c12 (webtiles) character file.

Game seed: 2923145856728957161

5265 sahdkjhfkaj the Destroyer (level 10, -9/83 HPs)
             Began as a Gnoll Conjurer on Oct 4, 2020.
             Was a High Priest of Sif Muna.
             Mangled by a five-headed hydra (17 damage)
             ... in the Dungeon (Sprint IX: "|||||||||||||||||||||||||||||").
             The game lasted 00:02:25 (1439 turns).

sahdkjhfkaj the Destroyer (Gnoll Conjurer)          Turns: 1439, Time: 00:02:26

Health: -9/83      AC:  7    Str:  9    XL:     10   Next: 62%
Magic:  13/24      EV: 20    Int: 23    God:    Sif Muna [*****.]
Gold:   12         SH:  0    Dex: 18    Spells: 26/29 levels left

rFire    . . .     SeeInvis .     - Unarmed
rCold    . . .     Faith    .   (no shield)
rNeg     . . .     Spirit   .   a - +0 robe
rPois    .         Reflect  .   m - +0 helmet
rElec    .         Harm     .   (no cloak)
rCorr    .         Rampage  .   n - +0 pair of gloves
MR       .....     NoTele   +   (no boots)
Stlth    +++++.....             (no amulet)
HPRegen  0.23/turn              p - +3 ring of dexterity
MPRegen  0.19/turn              o - +2 ring of protection

@: no status effects
A: distributed training, fangs 1, strong nose
a: Channel Magic, Forget Spell, Divine Exegesis, Renounce Religion


You were in the Dungeon.
You worshipped Sif Muna.
Sif Muna was extremely pleased with you.
You visited 1 branch You collected 12 gold pieces.

Inventory:

Hand Weapons
 l - a +2 scimitar of holy wrath
Armour
 a - a +0 robe (worn)
 m - a +0 helmet (worn)
 n - a +0 pair of gloves (worn)
Jewellery
 o - a +2 ring of protection (right hand)
 p - a +3 ring of dexterity (left hand)
Wands
 k - a wand of acid (10)
Scrolls
 h - 4 scrolls of blinking
 i - 3 scrolls of remove curse
 j - 2 scrolls of amnesia
 r - a scroll of fog
 s - 2 scrolls of enchant weapon
 t - a scroll of fear
Potions
 b - a potion of invisibility
 c - 8 potions of curing
 d - 5 potions of heal wounds
 e - a potion of haste
 f - 4 potions of magic
 g - a potion of berserk rage
 q - a potion of resistance


   Skills:
 + Level 9.2 Fighting
 + Level 9.2 Short Blades
 + Level 9.2 Long Blades
 + Level 9.2 Axes
 + Level 9.2 Maces & Flails
 + Level 9.2 Polearms
 + Level 9.2 Staves
 + Level 9.2 Slings
 + Level 9.2 Bows
 + Level 9.2 Crossbows
 + Level 9.2 Throwing
 + Level 9.2 Armour
 + Level 10.2 Dodging
 + Level 10.1 Stealth
 + Level 9.2 Shields
 + Level 9.2 Unarmed Combat
 + Level 10.4 Spellcasting
 + Level 10.4 Conjurations
 + Level 7.7 Hexes
 + Level 7.7 Summonings
 + Level 7.7 Necromancy
 + Level 7.7 Translocations
 + Level 7.7 Transmutations
 + Level 7.7 Fire Magic
 + Level 7.7 Ice Magic
 + Level 7.7 Air Magic
 + Level 7.7 Earth Magic
 + Level 7.7 Poison Magic
 + Level 10.0 Invocations
 + Level 9.2 Evocations


You had 26 spell levels left.
You knew the following spells:

 Your Spells              Type           Power        Failure   Level
a - Magic Dart            Conj           ####         1%          1
b - Searing Ray           Conj           ######       1%          2

Your spell library contained the following spells:

 Spells                   Type           Power        Failure   Level
 Corona                   Hex            #####..      1%          1
 Ensorcelled Hibernation  Hex/Ice        #####.       1%          2
 Confusing Touch          Hex            #####...     1%          3
 Dazzling Flash           Conj/Hex       ######       1%          3
 Tukima's Dance           Hex            #####...     1%          3
 Fulminant Prism          Conj/Hex       ######....   1%          4
 Iskenderun's Mystic Bla  Conj/Tloc      ######..     1%          4


Dungeon Overview and Level Annotations

Branches:
Dungeon (1/1)

Altars:
Cheibriados
Dithmenos
Elyvilon
Fedhas
Gozag
Hepliaklqana
Kikubaaqudgha
Makhleb
Nemelex Xobeh
Okawaru
Qazlal
Ru
Sif Muna
Trog
Uskayaw
Vehumet
Wu Jian
Xom
Yredelemnul
Zin
The Shining One
Beogh
Jiyva
Lugonu


Innate Abilities, Weirdness & Mutations

Your experience applies equally to all skills.
You have very sharp teeth.
Your uncanny sense of smell can sniff out nearby items.


Message History

The searing ray hits the water moccasin!
The water moccasin is severely wounded. (Press . to maintain the ray.) Unknown command.
Unknown command.
The searing ray hits the five-headed hydra!
The five-headed hydra is heavily wounded.
The searing ray hits the water moccasin!
You kill the water moccasin!
Sif Muna accepts your kill.
The searing ray hits the water moccasin!
The water moccasin is moderately wounded.
The five-headed hydra closely misses you.
The five-headed hydra barely misses you.
The five-headed hydra bites you!!
* * * LOW HITPOINT WARNING * * *
The five-headed hydra bites you.
* * * LOW HITPOINT WARNING * * *
The five-headed hydra bites you!
You die...

▓_▓.▓.▓
∆
▓_▓.▓÷▓
∆
▓_▓.▓.▓
∆
▓_▓.▓.▓
∆
▓_▓.▓†▓
▓_▓.▓.▓
∆
▓_▓.▓.▓
∆
▓_▓.▓.▓
∆
▓_▓.▓@▓
∆
▓_▓.▓D▓
∆
▓_▓.▓.▓
∆
▓_▓.▓S▓
∆
▓_▓.▓.▓
∆
▓_▓.▓.▓
∆
▓_▓.▓.▓
∆
▓_▓.▓.▓
∆ ▓_▓.▓
∆


You could see a five-headed hydra and a water moccasin.

Vanquished Creatures
  2 hydras (D)
  A two-headed ogre (D)
  A cyclops (D)
  3 cane toads (D)
  A komodo dragon (D)
  A troll (D)
  A polar bear (D)
  A wyvern (D)
  2 yaks (D)
  3 water moccasins (D)
  A phantom (D)
  An eye of draining (D)
  2 wolves (D)
  4 bullfrogs (D)
  An orc wizard (D)
  A gnoll (D)
  2 white imps (D)
  An ooze (D)
  An orc (D)
  A goblin (D)
  A jackal (D)
  2 kobolds (D)
  A quokka (D)
  A frilled lizard (D)
  A jackal skeleton (D)
  A quokka skeleton (D)
38 creatures vanquished.

Notes
Turn   | Place    | Note
-------+----------+-------------------------------------------
     0 | D        | sahdkjhfkaj the Gnoll Conjurer began the quest for the Orb.
     0 | D        | Reached XP level 1. HP: 13/13 MP: 6/6
    11 | D        | Reached skill level 1 in Fighting
    11 | D        | Reached skill level 1 in Short Blades
    11 | D        | Reached skill level 1 in Long Blades
    11 | D        | Reached skill level 1 in Axes
    11 | D        | Reached skill level 1 in Maces & Flails
    11 | D        | Reached skill level 1 in Polearms
    11 | D        | Reached skill level 1 in Staves
    11 | D        | Reached skill level 1 in Slings
    11 | D        | Reached skill level 1 in Bows
    11 | D        | Reached skill level 1 in Crossbows
    11 | D        | Reached skill level 1 in Throwing
    11 | D        | Reached skill level 1 in Armour
    11 | D        | Reached skill level 1 in Shields
    11 | D        | Reached skill level 1 in Unarmed Combat
    11 | D        | Reached skill level 5 in Spellcasting
    11 | D        | Reached skill level 1 in Invocations
    11 | D        | Reached skill level 1 in Evocations
    14 | D        | Reached XP level 2. HP: 6/21 MP: 0/8
    22 | D        | Reached skill level 1 in Hexes
    22 | D        | Reached skill level 1 in Summonings
    22 | D        | Reached skill level 1 in Necromancy
    22 | D        | Reached skill level 1 in Translocations
    22 | D        | Reached skill level 1 in Transmutations
    22 | D        | Reached skill level 1 in Fire Magic
    22 | D        | Reached skill level 1 in Ice Magic
    22 | D        | Reached skill level 1 in Air Magic
    22 | D        | Reached skill level 1 in Earth Magic
    22 | D        | Reached skill level 1 in Poison Magic
   220 | D        | Learned a level 2 spell: Searing Ray
   230 | D        | Reached skill level 5 in Dodging
   230 | D        | Reached XP level 3. HP: 27/27 MP: 4/9
   286 | D        | Found a roughly hewn altar of Beogh.
   286 | D        | Found a snail-covered altar of Cheibriados.
   286 | D        | Found a shadowy altar of Dithmenos.
   286 | D        | Found a white marble altar of Elyvilon.
   286 | D        | Found a blossoming altar of Fedhas.
   286 | D        | Found an opulent altar of Gozag.
   287 | D        | Found a hazy altar of Hepliaklqana.
   288 | D        | Found a viscous altar of Jiyva.
   289 | D        | Found an ancient bone altar of Kikubaaqudgha.
   290 | D        | Found a corrupted altar of Lugonu.
   291 | D        | Found a burning altar of Makhleb.
   292 | D        | Found a sparkling altar of Nemelex Xobeh.
   293 | D        | Found an iron altar of Okawaru.
   294 | D        | Found a stormy altar of Qazlal.
   295 | D        | Found a sacrificial altar of Ru.
   296 | D        | Found a shimmering blue altar of Sif Muna.
   297 | D        | Found a bloodstained altar of Trog.
   298 | D        | Found a hide-covered altar of Uskayaw.
   299 | D        | Found a radiant altar of Vehumet.
   300 | D        | Found an ornate altar of the Wu Jian Council.
   301 | D        | Found a shimmering altar of Xom.
   302 | D        | Found a basalt altar of Yredelemnul.
   303 | D        | Found a glowing silver altar of Zin.
   304 | D        | Found a glowing golden altar of the Shining One.
   306 | D        | Became a worshipper of Sif Muna the Loreminder
   345 | D        | Noticed a bullfrog
   345 | D        | Noticed a phantom
   347 | D        | Killed a bullfrog
   347 | D        | Reached skill level 5 in Stealth
   347 | D        | Reached XP level 4. HP: 35/35 MP: 7/11
   347 | D        | Reached * piety under Sif Muna
   355 | D        | Killed a phantom
   355 | D        | Reached XP level 5. HP: 14/42 MP: 1/13
   359 | D        | Reached ** piety under Sif Muna
   659 | D        | Noticed a two-headed ogre
   659 | D        | Noticed an eye of draining
   659 | D        | Noticed a cyclops
   659 | D        | Noticed a five-headed hydra
   659 | D        | Noticed a troll
   662 | D        | Reached XP level 6. HP: 48/48 MP: 11/15
   665 | D        | Killed an eye of draining
   665 | D        | Reached skill level 5 in Invocations
   753 | D        | Killed a cyclops
   753 | D        | Reached skill level 5 in Fighting
   753 | D        | Reached skill level 5 in Short Blades
   753 | D        | Reached skill level 5 in Long Blades
   753 | D        | Reached skill level 5 in Axes
   753 | D        | Reached skill level 5 in Maces & Flails
   753 | D        | Reached skill level 5 in Polearms
   753 | D        | Reached skill level 5 in Staves
   753 | D        | Reached skill level 5 in Slings
   753 | D        | Reached skill level 5 in Bows
   753 | D        | Reached skill level 5 in Crossbows
   753 | D        | Reached skill level 5 in Throwing
   753 | D        | Reached skill level 5 in Armour
   753 | D        | Reached skill level 5 in Shields
   753 | D        | Reached skill level 5 in Unarmed Combat
   753 | D        | Reached skill level 5 in Evocations
   753 | D        | Reached XP level 7. HP: 3/57 MP: 9/18
   757 | D        | Killed a two-headed ogre
   757 | D        | Reached *** piety under Sif Muna
   757 | D        | Reached skill level 5 in Hexes
   757 | D        | Reached skill level 5 in Summonings
   757 | D        | Reached skill level 5 in Necromancy
   757 | D        | Reached skill level 5 in Translocations
   757 | D        | Reached skill level 5 in Transmutations
   757 | D        | Reached skill level 5 in Fire Magic
   757 | D        | Reached skill level 5 in Ice Magic
   757 | D        | Reached skill level 5 in Air Magic
   757 | D        | Reached skill level 5 in Earth Magic
   757 | D        | Reached skill level 5 in Poison Magic
   757 | D        | Reached XP level 8. HP: 42/65 MP: 7/20
   758 | D        | Killed a troll
   877 | D        | Killed a five-headed hydra
   877 | D        | Reached XP level 9. HP: 43/72 MP: 13/22
  1138 | D        | Noticed a cane toad
  1138 | D        | Noticed a five-headed hydra
  1141 | D        | Reached **** piety under Sif Muna
  1142 | D        | Noticed a komodo dragon
  1143 | D        | Noticed a cane toad
  1146 | D        | Killed a cane toad
  1148 | D        | Killed a five-headed hydra
  1148 | D        | Reached ***** piety under Sif Muna
  1148 | D        | Received a gift from Sif Muna
  1148 | D        | Reached skill level 10 in Conjurations
  1148 | D        | Reached XP level 10. HP: 45/82 MP: 11/23
  1151 | D        | Reached skill level 10 in Spellcasting
  1318 | D        | Killed a cane toad
  1427 | D        | Noticed a cane toad
  1430 | D        | Reached skill level 10 in Dodging
  1431 | D        | Noticed a five-headed hydra
  1436 | D        | Killed a cane toad
  1436 | D        | Identified Sif Muna's Handbook of Earthen Battle Magic (Sif
                  | Muna gifted it to you in the Dungeon)
  1436 | D        | Received a gift from Sif Muna
  1436 | D        | Reached skill level 10 in Stealth
  1438 | D        | Reached skill level 10 in Invocations
  1439 | D        | Mangled by a five-headed hydra

Illustrated notes

Levels and vault maps discovered:
D:        linesprint [early_d, line_temple, items_1, d_10, items_2, lair_1,
          lair_end, items_3, orc_1, orc_end, items_4, d_15, swamp_1, shoals_1,
          snake_1, spider_1, d_20, vaults_1, items_5, swamp_end, shoals_end,
          snake_end, spider_end, vaults_end, d_27, items_6, zot_1, zot_end,
          crypt_end, forest_end, elf_end, slime_end, tomb_end, abyss_end,
          pan_hell_end]

Skill      XL: |  1  2  3  4  5  6  7  8  9 10 |
---------------+-------------------------------+-----
Fighting       | 1 2 3 4 5 6 7 8 9 |  9.2
Short Blades   | 1 2 3 4 5 6 7 8 9 |  9.2
Long Blades    | 1 2 3 4 5 6 7 8 9 |  9.2
Axes           | 1 2 3 4 5 6 7 8 9 |  9.2
Maces & Flails | 1 2 3 4 5 6 7 8 9 |  9.2
Polearms       | 1 2 3 4 5 6 7 8 9 |  9.2
Staves         | 1 2 3 4 5 6 7 8 9 |  9.2
Slings         | 1 2 3 4 5 6 7 8 9 |  9.2
Bows           | 1 2 3 4 5 6 7 8 9 |  9.2
Crossbows      | 1 2 3 4 5 6 7 8 9 |  9.2
Throwing       | 1 2 3 4 5 6 7 8 9 |  9.2
Armour         | 1 2 3 4 5 6 7 8 9 |  9.2
Shields        | 1 2 3 4 5 6 7 8 9 |  9.2
Unarmed Combat | 1 2 3 4 5 6 7 8 9 |  9.2
Spellcasting   | 5 6 7 8 9 10 | 10.4
Invocations    | 1 2 3 4 6 7 8 9 10 | 10.0
Evocations     | 1 2 3 4 5 6 7 8 9 |  9.2
Hexes          | 1 2 3 4 5 6 7 |  7.7
Summonings     | 1 2 3 4 5 6 7 |  7.7
Necromancy     | 1 2 3 4 5 6 7 |  7.7
Translocations | 1 2 3 4 5 6 7 |  7.7
Transmutations | 1 2 3 4 5 6 7 |  7.7
Fire Magic     | 1 2 3 4 5 6 7 |  7.7
Ice Magic      | 1 2 3 4 5 6 7 |  7.7
Air Magic      | 1 2 3 4 5 6 7 |  7.7
Earth Magic    | 1 2 3 4 5 6 7 |  7.7
Poison Magic   | 1 2 3 4 5 6 7 |  7.7
Dodging        | 5 6 7 8 9 10 | 10.2
Stealth        | 5 6 7 8 9 10 | 10.1
Conjurations   | 8 9 10 | 10.4

Action                   |  1- 3 |  4- 6 |  7- 9 | 10-12 || total
-------------------------+-------+-------+-------+-------++-------
Melee: Unarmed           |    11 |       |       |       ||    11
       Bite              |     2 |       |       |       ||     2
       Scimitar          |       |     7 |       |       ||     7
 Cast: Magic Dart        |     6 |     1 |       |       ||     7
       Searing Ray       |     2 |     4 |     6 |     6 ||    18
  Use: Potion            |       |       |     2 |       ||     2
Armor: Robe              |     2 |     4 |     4 |     1 ||    11
Dodge: Dodged            |    12 |    16 |    16 |    13 ||    57
       Rpst.: Scimitar   |       |     2 |       |       ||     2

Table legend: (Time is in decaauts)
 A = Elapsed time spent in this place.
 B = Non-inter-level travel time spent in this place.
 C = Inter-level travel time spent in this place.
 D = Time resting spent in this place.
 E = Time spent auto-exploring this place.
 F = Levels seen in this place.
 G = Mean time per level.
                   A        B        C        D        E       F      G
               +--------+--------+--------+--------+--------+-----+--------+
         Total |   1436 |   1436 |      0 |   1027 |    119 |   1 | 1436.0 |
       Dungeon |   1436 |   1436 |      0 |   1027 |    119 |   1 | 1436.0 |
               +--------+--------+--------+--------+--------+-----+--------+

Top non-repeatable levels by time:
       D: 1436 daAuts
